 Dungeon Crawl Stone Soup version 0.28-a0-1447-ga5a8893891 (webtiles) character file.

Game seed: 16315527144392941229

251 knot the Chopper (level 5, 44/61 HPs)
             Began as a Demonspawn Berserker on Jan 12, 2022.
             Was a Believer of Trog.
             Quit the game on level 2 of the Dungeon.
             The game lasted 00:01:38 (2174 turns).

knot the Chopper (Demonspawn Berserker)             Turns: 2174, Time: 00:01:38

Health: 44/61      AC:  4    Str: 17    XL:     5   Next: 88%
Magic:  5/5        EV: 12    Int: 11    God:    Trog [**....]
Gold:   97         SH:  0    Dex: 12    Spells: 4/4 levels left

rFire   . . .      SeeInvis .   a - +0 hand axe
rCold   . . .      Faith    .   (no shield)
rNeg    . . .      Spirit   .   b - +0 animal skin
rPois   .          Reflect  .   (no helmet)
rElec   .          Harm     .   (no cloak)
rCorr   .          Rampage  .   (no gloves)
Will    ++...                   (no boots)
Stlth   ..........              (no amulet)
HPRegen 1.20/turn               (no ring)
MPRegen 0.09/turn               (no ring)

@: berserking, strong-willed (expiring), regenerating (expiring), very quick
A: claws 1, thin metallic scales 1
a: Renounce Religion, Berserk, Trog's Hand


You were on level 2 of the Dungeon.
You worshipped Trog.
Trog was pleased with you.
You visited 1 branch of the dungeon, and saw 2 of its levels.

You collected 97 gold pieces.

Inventory:

Hand Weapons
 a - a +0 hand axe (weapon)
Missiles
 c - 60 stones (quivered)
 e - 9 sling bullets
Armour
 b - a +0 animal skin (worn)
Scrolls
 d - a scroll of enchant armour {unknown}
 g - 2 scrolls of amnesia {unknown}
Potions
 f - a potion of mutation {unknown}
 h - a potion of ambrosia {unknown}


   Skills:
 - Level 3.0 Fighting
 + Level 6.1 Axes
 - Level 1.7 Armour
 - Level 1.7 Dodging


You had 4 spell levels left.
You didn't know any spells.
Your spell library was empty.

Dungeon Overview and Level Annotations

Branches:
Dungeon (2/15)

Altars:

Shops:
D:1 (


Innate Abilities, Weirdness & Mutations

You have sharp fingernails.
You are partially covered in thin metallic scales. (AC +2)


Message History

Sigmund the Dreaded comes into view.
He is wielding a +0 scythe.
Sigmund is nearby!
Your skin crawls.
You feel strong-willed.
Sigmund shouts!
Sigmund barely misses you.
A red film seems to cover your vision as you go berserk!
You feel yourself moving faster!
You feel mighty! Sigmund closely misses you.
You feel a strong urge to attack something.
You closely miss Sigmund.
Sigmund says, "Your kind have come here before.
I understand now why.
You desire death..."
Sigmund gestures at you while chanting. The puff of flame hits you.
You closely miss Sigmund. You closely miss Sigmund.
Sigmund hits you with a +0 scythe!
You closely miss Sigmund. You hit Sigmund.
Sigmund is lightly wounded.
Sigmund hits you with a +0 scythe.
You hit Sigmund.
Sigmund is moderately wounded.
You closely miss Sigmund.
Sigmund is moderately wounded.
Sigmund misses you.
You slash Sigmund!
Sigmund is severely wounded.
You slash Sigmund!
Sigmund is almost dead.
You feel the effects of Trog's Hand fading.
Sigmund closely misses you.
You slash Sigmund!
You feel the power of Trog in you as your rage grows.
You kill Sigmund!
Trog accepts your kill.
Trog appreciates your killing of a magic user.
Your Axes skill gained 2 levels and is now at level 6!
You have reached level 5!
Your demonic ancestry asserts itself...
Thin metallic scales grow over part of your body.
Are you sure you want to abandon this character and quit the game? (Confirm with "yes".)

.# #.# .# #.#
.# #.# .# #.#
.. #.# #.#
#.#
#.###########
#....@)......
#.###########
###


There were no monsters in sight!

Vanquished Creatures
  Sigmund (D:2)
  An iguana (D:2)
  2 adders (D:2)
  A dart slug (D:1)
  5 ball pythons
  7 endoplasms
  A giant cockroach (D:1)
  2 goblins
  4 hobgoblins
  3 jackals (D:2)
  4 kobolds
  A quokka (D:2)
  8 bats
  A frilled lizard (D:2)
  3 rats
44 creatures vanquished.

Notes
Turn   | Place    | Note
-------+----------+-------------------------------------------
     0 | D:1      | knot the Demonspawn Berserker began the quest for the Orb.
     0 | D:1      | Reached XP level 1. HP: 18/18 MP: 1/1
   200 | D:1      | Reached skill level 3 in Axes
   208 | D:1      | Gained mutation: You have sharp fingernails. [demonic
                  | ancestry]
   208 | D:1      | Reached XP level 2. HP: 19/24 MP: 2/2
   219 | D:1      | Found a faded altar of an unknown god.
   366 | D:1      | Found Qezaw's Antique Weapon Boutique.
   631 | D:1      | Reached XP level 3. HP: 25/29 MP: 3/3
   868 | D:2      | Reached ** piety under Trog
  1000 | D:2      | Reached skill level 4 in Axes
  1167 | D:2      | Reached XP level 4. HP: 35/35 MP: 4/4
  2157 | D:2      | Noticed Sigmund
  2173 | D:2      | Killed Sigmund
  2174 | D:2      | Reached skill level 6 in Axes
  2174 | D:2      | Gained mutation: You are partially covered in thin metallic
                  | scales. (AC +2) [demonic ancestry]
  2174 | D:2      | Reached XP level 5. HP: 41/41 MP: 5/5
  2174 | D:2      | Quit the game

Illustrated notes

Levels and vault maps discovered:
D:1:      lemuel_arrival_funnel, layout_rooms, ebering_ecumenical_altar_rust,
          serial_shops, shop
D:2:      layout_basic, uniq_sigmund

Skill      XL: |  1  2  3  4 |
---------------+-------------+-----
Axes           | 3 4 6 |  6.1
Fighting       | |  3.0
Armour         | |  1.7
Dodging        | |  1.7

Action                   |  1- 3 |  4- 6 || total
-------------------------+-------+-------++-------
Melee: Hand axe          |    91 |    34 ||   125
       Punch             |       |     1 ||     1
Invok: Berserk           |     1 |     2 ||     3
       Trog's Hand       |       |     1 ||     1
Armor: Animal skin       |    28 |     9 ||    37
Dodge: Dodged            |    67 |    14 ||    81

Table legend: (Time is in decaauts)
 A = Elapsed time spent in this place.
 B = Non-inter-level travel time spent in this place.
 C = Inter-level travel time spent in this place.
 D = Time resting spent in this place.
 E = Time spent auto-exploring this place.
 F = Levels seen in this place.
 G = Mean time per level.
                   A        B        C        D        E       F      G
               +--------+--------+--------+--------+--------+-----+--------+
         Total |   2203 |   2200 |      3 |    562 |   1335 |   2 | 1101.5 |
       Dungeon |   2203 |   2200 |      3 |    562 |   1335 |   2 | 1101.5 |
               +--------+--------+--------+--------+--------+-----+--------+

Top non-repeatable levels by time:
     D:2: 1336 daAuts
     D:1: 867 daAuts
